 Dungeon Crawl Stone Soup version 0.21-a0-630-g344d351 (webtiles) character file.

256 Charly the Skirmisher (level 6, -4/40 HPs)
             Began as a Gargoyle Fighter on Dec 26, 2017.
             Splashed by a jelly's acid (8 damage)
             ... on level 5 of the Dungeon.
             The game lasted 00:03:04 (1912 turns).

Charly the Skirmisher (Gargoyle Fighter)            Turns: 1912, Time: 00:03:05

Health: -4/40      AC:  7    Str: 20    XL:     6   Next: 15%
Magic:  6/6        EV:  7    Int:  8    God:
Gold:   144        SH:  9    Dex: 11    Spells: 5/5 levels left

rFire    . . .     SeeInvis .   a - +0 war axe
rCold    . . .     Gourm    +   c - +0 shield
rNeg     + . .     Faith    .   b - +0 scale mail
rPois    ∞         Spirit   .   (no helmet)
rElec    +         Reflect  .   (no cloak)
rCorr    .         Harm     .   (no gloves)
MR       .....                  (no boots)
Stlth    ..........             e - amulet of the gourmand
HPRegen  0.13/turn              (no ring)
MPRegen  0.10/turn              (no ring)

@: corroded
A: negative energy resistance 1, electricity resistance, unbreathing,
petrification resistance, rot immunity, AC +4
a: no special abilities


You were on level 5 of the Dungeon.
You were hungry.

You visited 2 branches of the dungeon, and saw 6 of its levels.

You collected 144 gold pieces.

Inventory:

Hand Weapons
 a - a +0 war axe (weapon)
Armour
 b - a +0 scale mail (worn)
 c - a +0 shield (worn)
Jewellery
 e - an amulet of the gourmand (around neck)
Scrolls
 i - a scroll of identify {unknown}
 j - a scroll of immolation {unknown}
 l - 3 scrolls of remove curse {unknown}
 m - a scroll of fog {unknown}
 o - a scroll of enchant armour {unknown}
 p - a scroll of enchant weapon {unknown}
 q - a scroll of amnesia {unknown}
 r - a scroll of teleportation {unknown}
 t - a scroll of noise {unknown}
Potions
 d - 2 potions of might
 g - 2 potions of lignification {unknown}
 h - a potion of cancellation {unknown}
 k - 2 potions of degeneration {unknown}
 n - a potion of haste {unknown}
 s - a potion of agility {unknown}
Comestibles
 f - 5 rations


   Skills:
 + Level 4.9 Fighting
 * Level 4.6 Axes
 - Level 3.4 Armour
 - Level 3.4 Shields


You had 5 spell levels left.
You didn't know any spells.

Dungeon Overview and Level Annotations

Branches:
Dungeon (5/15)             Temple (1/1) D:4

Altars:
Ashenzari
Cheibriados
Fedhas
Gozag
Hepliaklqana
Makhleb
Nemelex Xobeh
Qazlal
Ru
Sif Muna
Trog
Vehumet
Wu Jian

Annotations:
D:4 Edmund


Innate Abilities, Weirdness & Mutations

You are resistant to torment.
Your stone body is resilient. (AC +4)
You are immune to poison.
You resist negative energy. (rN+)
You are resistant to electric shocks. (rElec)
You can survive without breathing.
You are immune to petrification.
You are immune to rotting.


Message History

The jelly is severely wounded.
The jelly hits you.
You are splashed with acid!
The acid burns!
You hit the jelly but do no damage. The acid corrodes you!
Your hands burn!
The jelly is severely wounded.
The jelly hits you but does no damage.
You slash the jelly!
You kill the jelly!
You hit the jelly but do no damage.
Your hands burn!
The jelly barely misses you. You block the jelly's attack.
You slash the jelly!
Your hands burn!
The jelly is heavily wounded.
The jelly hits you.
* * * LOW HITPOINT WARNING * * *
The acid corrodes you!
You are splashed with acid!
The acid burns!
* * * LOW HITPOINT WARNING * * *
You are too injured to fight recklessly!
The jelly hits you.
* * * LOW HITPOINT WARNING * * *
You are splashed with acid!
The acid burns!
You die...

############
##..........##
##............##
#..............#
#.......$......#
###.@J..........)#
....................#
.#####........<(....#
................##
#####..........##
#.########## ...#
##..# ##.


You could see a jelly.

Vanquished Creatures
  A jelly (D:5)
  2 orc wizards
  A hound skeleton (D:4)
  3 gnolls (D:4)
  5 adders
  2 oozes
  3 worms
  A dart slug (D:2)
  2 leopard geckos
  6 orcs
  6 bats
  3 giant cockroaches
  2 hobgoblins (D:3)
  15 jackals
  4 kobolds (D:3)
  2 quokkas
  A ball python (D:3)
  4 frilled lizards
  A quokka skeleton (D:4)
  3 rats
67 creatures vanquished.

Notes
Turn   | Place    | Note
-------+----------+-------------------------------------------
     0 | D:1      | Charly the Gargoyle Fighter began the quest for the Orb.
     0 | D:1      | Reached XP level 1. HP: 14/14 MP: 1/1
    39 | D:1      | Reached XP level 2. HP: 18/19 MP: 2/2
   265 | D:2      | Reached XP level 3. HP: 12/24 MP: 3/3
   493 | D:2      | Reached XP level 4. HP: 25/29 MP: 4/4
   667 | D:3      | Found a snail-covered altar of Cheibriados.
   789 | D:4      | Noticed Edmund
   973 | D:3      | Found a sacrificial altar of Ru.
   995 | D:3      | Reached XP level 5. HP: 30/33 MP: 5/5
  1359 | D:4      | Found a staircase to the Ecumenical Temple.
  1376 | Temple   | Entered the Ecumenical Temple
  1734 | D:4      | Found a hazy altar of Hepliaklqana.
  1779 | D:4      | Reached XP level 6. HP: 24/40 MP: 6/6
  1826 | D:5      | Entered Level 5 of the Dungeon
  1912 | D:5      | Splashed by a jelly's acid

Vault maps used:
D:1:      matt_arrival_grand_opening
D:2:      okawaru_altar_gauntlet_db, lemuel_round_altar, uniq_robin,
          uniq_terence
D:3:      cheibriados_altar_1, nicolae_ru_great_annihilating_truth, first_ration
D:4:      lemuel_coloured_pillars_altar, minmay_temple_entry_large_hall,
          st_stairs_3, uniq_edmund
D:5:      nicolae_overflow_crystal_walls, minivault_23,
          kennysheep_cross_bottleneck
Temple:   jpeg_temple_alley_garden

Skill      XL: |  1  2  3  4  5 |
---------------+----------------+-----
Axes           | 2 3 4 |  4.6
Fighting       | 4 |  4.9
Armour         | |  3.4
Shields        | |  3.4

Action                   |  1- 3 |  4- 6 || total
-------------------------+-------+-------++-------
Melee: War axe           |    74 |   130 ||   204
  Eat: Chunk             |       |     3 ||     3
Armor: Scale mail        |    81 |    93 ||   174
Dodge: Dodged            |    45 |    57 ||   102
Block: Shield            |    63 |   100 ||   163

Table legend:
 A = Spawn XP
 B = Non-spawn XP
 C = Spawn XP percentage of total XP
 D = Spawn monster count
 E = Non-spawn monster count
 F = Spawn count percentage of total count
 G = Total turns spent on level
                    A         B        C        D         E        F      G
               +---------+---------+-------+---------+---------+-------+---------
         Total |       0 |     366 |   0.0 |       0 |      67 |   0.0 |  1912
               +---------+---------+-------+---------+---------+-------+---------
           D:1 |       0 |      15 |   0.0 |       0 |       7 |   0.0 |   237
           D:2 |       0 |      73 |   0.0 |       0 |      18 |   0.0 |   366
           D:3 |       0 |     104 |   0.0 |       0 |      25 |   0.0 |   676
           D:4 |       0 |     131 |   0.0 |       0 |      16 |   0.0 |   329
           D:5 |       0 |      43 |   0.0 |       0 |       1 |   0.0 |    86
               +---------+---------+-------+---------+---------+-------+---------
